 Dungeon Crawl Stone Soup version 0.31.0-11-ge490571c62 (webtiles) character file.

Game seed: 762697415782072935

55324 Warped the Severer (level 14, -5/123 (129) HPs)
             Began as a Hill Orc Gladiator on Jan 27, 2024.
             Was the Champion of Makhleb.
             Slain by Rupert
             ... wielding a +3 great sword of holy wrath
              (15 damage)
             ... on level 1 of the Spider Nest.
             The game lasted 00:28:44 (19494 turns).

Warped the Severer (Hill Orc Gladiator)            Turns: 19494, Time: 00:28:46

HP:   -5/123 (129)  AC: 20    Str: 20    XL:     14   Next: 76%
MP:   23/23         EV: 15    Int: 12    God:    Makhleb [******]
Gold: 1126          SH:  5    Dex: 14    Spells: 13/13 levels left

rFire   . . .        a - +2 battleaxe
rCold   . . .        (shield currently unavailable)
rNeg    . . .        X - +0 plate armour
rPois   +            c - +1 helmet
rElec   .            i - +0 cloak
rCorr   .            m - +0 pair of gloves
SInv    .            (no boots)
Will    +....        t - amulet of Hypaame {Reflect rPois Int+4 SH+5} Stlth
                     P - +5 ring of evasion
HPRegen 0.40/turn    U - +4 ring of slaying
MPRegen 0.18/turn

%: reflection
@: very slightly contaminated, lightly drained
A: no striking features
a: Renounce Religion, Minor Destruction, Lesser Servant of Makhleb, Major
Destruction, Greater Servant of Makhleb


You were on level 1 of the Spider Nest.
You worshipped Makhleb.
Makhleb was exalted by your worship.
You visited 5 branches of the dungeon, and saw 20 of its levels.
You also visited: Sewer.

You collected 1770 gold pieces.
You spent 644 gold pieces at shops.

Inventory:

Hand Weapons
 a - a +2 battleaxe (weapon)
 b - a +5 dire flail
 d - a +0 orcbow
 l - a +1 war axe
 V - a +2 spear of venom
 Y - a +2 hand axe of electrocution
 Z - a +3 eveningstar
Missiles
 e - 6 javelins
 q - 164 stones
 D - 31 poisoned darts
 Q - 4 curare-tipped darts
Armour
 c - a +1 helmet (worn)
 i - a +0 cloak (worn)
 m - a +0 pair of gloves (worn)
 w - a +0 scale mail of fire resistance
 F - the scarf "Neecs" {+Inv, Int+3}
   (You found it on level 5 of the Lair of Beasts)

   Int+3:     It affects your intelligence (+3).
 X - a +0 plate armour (worn)
Jewellery
 k - a ring of protection from fire
 p - an amulet of regeneration
 t - the amulet of Hypaame (around neck) {Reflect rPois Int+4 SH+5}
   (You bought it in a shop on level 1 of the Orcish Mines)

   [amulet of reflection]

   Reflect:   It reflects blocked missile attacks.
   Int+4:     It affects your intelligence (+4).
   rPois:     It protects you from poison SH+5: It affects your SH (+5).
 v - a ring of magical power
 I - a ring of resist corrosion
 P - a +5 ring of evasion (left hand)
 R - an amulet of magic regeneration
 S - an amulet of the acrobat
 U - a +4 ring of slaying (right hand)
 W - a ring of see invisible
Wands
 h - a wand of mindburst (14)
 J - a wand of flame (30)
 N - a wand of iceblast (7)
Scrolls
 j - 2 scrolls of poison
 y - a scroll of revelation
 A - 3 scrolls of identify
 B - 5 scrolls of teleportation
 E - 4 scrolls of fear
 H - a scroll of torment
 M - a scroll of fog
 O - a scroll of amnesia
 T - 2 scrolls of blinking
Potions
 f - a potion of curing
 g - 2 potions of mutation
 n - 3 potions of lignification
 o - 2 potions of resistance
 r - 12 potions of ambrosia
 s - 3 potions of enlightenment
 x - 2 potions of attraction
 z - 5 potions of cancellation
 C - 4 potions of haste
 G - 2 potions of brilliance
 K - 2 potions of magic


   Skills:
 + Level 13.4 Fighting
 - Level 20.0 Axes
 - Level 1.7 Throwing
 + Level 11.1 Armour
 + Level 9.1 Dodging
 + Level 12.2 Invocations


You had 13 spell levels left.
You didn't know any spells.
Your spell library contained the following spells:

 Spells                   Type           Power      Damage    Failure   Level
 Magic Dart               Conj           0%         1d3       99%         1
 Blink                    Tloc           0%         N/A       100%        2
 Call Imp                 Summ           0%         N/A       100%        2
 Jinxbite                 Hex            0%         N/A       100%        2
 Searing Ray              Conj           0%         2d4       100%        2
 Inner Flame              Hex/Fire       0%         N/A       100%        3
 Tukima's Dance           Hex            0%         N/A       100%        3
 Flame Wave               Conj/Fire      0%         2d4       100%        4
 Ignite Poison            Fire/Alch      0%         N/A       100%        4
 Martyr's Knell           Necr/Summ      0%         N/A       100%        4
 Passage of Golubria      Tloc           0%         N/A       100%        4
 Sticky Flame             Fire/Alch      0%         2d4       100%        4
 Summon Blazeheart Golem  Fire/Summ      0%         N/A       100%        4
 Arcjolt                  Conj/Air       0%         1d10      100%        5
 Yara's Violent Unravell  Hex/Alch       0%         3d3       100%        5
 Enfeeble                 Hex            0%         N/A       100%        7
 Malign Gateway           Summ/Tloc      0%         N/A       100%        7
 Orb of Destruction       Conj           0%         9d5       100%        7
 Spellforged Servitor     Conj/Summ      0%         N/A       100%        7
 Ignition                 Fire           0%         3d3       100%        8


Dungeon Overview and Level Annotations

Branches:
Dungeon (11/15)            Temple (1/1) D:6            Lair (5/5) D:11
 Shoals (0/4) Lair:3       Spider (1/4) Lair:2        Slime (0/5) Lair:4
    Orc (2/2) D:9           Sewer (visited)
    Elf: Orc:2

Altars:
Ashenzari
Cheibriados
Dithmenos
Elyvilon
Fedhas
Gozag
Hepliaklqana
Kikubaaqudgha
Makhleb
Nemelex Xobeh
Okawaru
Qazlal
Ru
Sif Muna
Trog
Uskayaw
Vehumet
Wu Jian
Xom
Yredelemnul
Zin
The Shining One
Jiyva

Shops:
D:11 (   Orc:1 =   Orc:2 *

Annotations:
Lair:1 3 runed translucent doors, LoggersVIII's ghost, journeyman OpEE
Spider:1 Rupert


Message History

Makhleb accepts your kill. The pharaoh ant bites your hellwing!!
The radroach erupts in a fountain of uncontrolled magic!
You are blasted with magical radiation!!
* * * LOW HITPOINT WARNING * * *
You are very lightly contaminated with residual magic.
Your hellwing is blasted with magical radiation!!
Your hellwing dies!
Your hellwing disappears in a puff of smoke!
You hear a faint skittering sound.
Unknown command.
As you read the scroll of fear, it crumbles to dust.
You assume a fearsome visage.
Rupert resists with almost no effort.
The pharaoh ant is unaffected.
The tarantella looks frightened!
The radroach looks frightened!
The orb spider looks frightened!
The redback looks frightened! x2
You feel very sick.
A jumping spider comes into view.
A redback comes into view.
Unknown command.
You feel sick.
The jumping spider's many legs skitter faintly.
The pharaoh ant bites you!!
* * * LOW HITPOINT WARNING * * *
You feel drained.
* * * LOW HITPOINT WARNING * * *
A redback comes into view.
An entropy weaver comes into view.
A tarantella comes into view.
The pharaoh ant bites you.
* * * LOW HITPOINT WARNING * * *
There is a crawl-hole back to the Lair, spattered with blood here.
You see here a redback corpse.
Unknown command.
You feel better.
The entropy weaver shouts!
The pharaoh ant bites you.
* * * LOW HITPOINT WARNING * * *
You feel drained.
Rupert hits you with a +3 great sword of holy wrath!
You die...
Rupert roars with triumph.

#####
#####.#s#
#.......#
#.......#
#.......##
#....†...#
#†.†...#
#.†@...#
###B@s.#
.†.B.s...
.....ss...
#..>...s...
##..(......
##.....Bs.
#...#....


You could see Rupert, a radroach (fleeing), an entropy weaver, an orb spider
(charged, fleeing), a pharaoh ant, 2 jumping spiders, 2 tarantellas and 2
redbacks.

Vanquished Creatures
  Gastronok (Lair:3)
  3 dire elephants (Lair:5)
  Josephine (Lair:3)
  3 two-headed ogres
  A death yak (Lair:5)
  Urug (Lair:2)
  A skyshark (Lair:4)
  A spectral anaconda (Lair:5)
  An obsidian statue (Lair:5)
  2 lindwurms (Lair:4)
  Pikel (D:5)
  A deep elf pyromancer (D:10)
  An orc knight (Orc:2)
  A wolf spider (Spider:1)
  3 necromancers (Lair:5)
  2 ugly things (D:11)
  19 elephants
  2 black mambas
  2 kobold blastminers (Orc:1)
  A gargoyle (D:11)
  2 torpor snails
  5 cane toads
  5 rime drakes
  2 unseen horrors
  A kobold demonologist (D:11)
  12 komodo dragons
  3 polar bears
  3 trolls
  A queen bee (D:11)
  A hornet (D:10)
  5 dream sheep (Lair:3)
  4 blink frogs (Lair:5)
  A snapping turtle (Lair:3)
  A culicivora (Spider:1)
  5 jumping spiders
  A shadow (D:10)
  A water elemental (Lair:3)
  A vampire (D:9)
  3 basilisks
  A wyvern (Lair:3)
  6 wraiths
  53 yaks
  4 wargs
  2 vampire mosquitoes (D:11)
  5 redbacks
  A spectral cane toad (Lair:5)
  5 death yak simulacra (Lair:5)
  An acid dragon (D:9)
  16 water moccasins
  2 ice beasts
  A sky beast (D:7)
  20 orc warriors
  4 black bears
  4 wolves (Lair:4)
  2 ogres
  3 centaurs
  3 elephant skeletons (Lair:5)
  A lemure (D:5)
  3 kobold brigands
  12 bullfrogs
  A gnoll sergeant (D:8)
  3 scorpions
  A cane toad simulacrum (Lair:5)
  10 wights
  An elephant simulacrum (Lair:5)
  38 killer bees
  2 howler monkeys (D:9)
  4 hounds
  A gnoll bouda (D:5)
  15 orc priests
  3 jellies
  6 orc wizards
  3 sleepcaps
  Terence (D:3)
  6 iguanas
  10 hell rats
  9 adders
  13 gnolls
  3 river rats (Sewer)
  3 white imps
  2 ufetubi (D:6)
  A ribbon worm (D:5)
  2 dart slugs
  58 orcs
  3 endoplasms
  7 giant cockroaches
  8 goblins
  7 hobgoblins
  5 jackals (D:5)
  18 kobolds
  4 quokkas
  7 ball pythons
  7 bats
  4 frilled lizards
  12 rats
532 creatures vanquished.

Vanquished Creatures (collateral kills)
  2 elephants (Lair:4)
  A jumping spider (Spider:1)
3 creatures vanquished.

Grand Total: 535 creatures vanquished

Notes
Turn   | Place    | Note
-------+----------+-------------------------------------------
     0 | D:1      | Warped the Hill Orc Gladiator began the quest for the Orb.
     0 | D:1      | Reached XP level 1. HP: 18/18 MP: 1/1
   185 | D:1      | Reached XP level 2. HP: 25/25 MP: 2/2
   223 | D:1      | Reached skill level 5 in Axes
   785 | D:1      | Reached XP level 3. HP: 30/30 MP: 3/3
  1232 | D:2      | Reached skill level 1 in Armour
  1397 | D:3      | Reached skill level 6 in Axes
  1397 | D:3      | Reached XP level 4. HP: 37/37 MP: 4/4
  1398 | D:3      | You fall into a shaft and drop 2 floors!
  1398 | D:5      | Entered Level 5 of the Dungeon
  1443 | D:5      | Found a glowing drain.
  1464 | Sewer    | Entered a sewer
  1579 | Sewer    | Reached XP level 5. HP: 45/45 MP: 5/5
  1734 | D:5      | Noticed a lemure
  1734 | D:5      | Noticed a lemure
  1734 | D:5      | Noticed Pikel
  1737 | D:5      | Noticed a lemure
  1740 | D:5      | Noticed a lemure
  1758 | D:5      | Noticed a black bear
  1769 | D:5      | Reached skill level 7 in Axes
  1772 | D:5      | Killed a black bear
  1773 | D:5      | Reached XP level 6. HP: 22/52 MP: 6/6
  1939 | D:3      | Found a faded altar of an unknown god.
  2059 | D:3      | Noticed Terence
  2068 | D:3      | Killed Terence
  2411 | D:3      | Reached skill level 8 in Axes
  2883 | D:4      | Reached XP level 7. HP: 25/60 MP: 3/7
  3157 | D:4      | Reached skill level 5 in Fighting
  3257 | D:4      | Reached skill level 9 in Axes
  3683 | D:5      | Reached XP level 8. HP: 56/69 MP: 5/8
  4042 | D:5      | Reached skill level 10 in Axes
  4503 | D:5      | Killed Pikel
  4890 | D:6      | Reached skill level 11 in Axes
  5095 | D:6      | Reached XP level 9. HP: 73/78 MP: 7/9
  5158 | D:6      | Found a staircase to the Ecumenical Temple.
  5190 | Temple   | Entered the Ecumenical Temple
  5213 | Temple   | Became a worshipper of Makhleb the Destroyer
  5413 | D:6      | Found a sparkling altar of Nemelex Xobeh.
  5429 | D:6      | Found a glowing silver altar of Zin.
  5619 | D:7      | Reached skill level 12 in Axes
  6019 | D:7      | Reached skill level 1 in Invocations
  6092 | D:7      | Found a basalt altar of Yredelemnul.
  6884 | D:8      | Reached * piety under Makhleb
  6922 | D:8      | Killed an unseen horror
  7390 | D:8      | Reached skill level 13 in Axes
  7391 | D:8      | Reached XP level 10. HP: 88/88 MP: 12/12
  7402 | D:8      | Reached skill level 5 in Armour
  7819 | D:8      | Reached skill level 5 in Dodging
  8028 | D:9      | Noticed a two-headed ogre
  8028 | D:9      | Found a shimmering altar of Xom.
  8028 | D:9      | Found a hide-covered altar of Uskayaw.
  8038 | D:9      | Killed a two-headed ogre
  8086 | D:9      | Found a staircase to the Orcish Mines.
  8140 | D:9      | Noticed a two-headed ogre
  8151 | D:9      | Killed a two-headed ogre
  8151 | D:9      | Reached ** piety under Makhleb
  8152 | D:9      | Reached skill level 14 in Axes
  8297 | D:9      | Reached skill level 15 in Axes
  8535 | D:9      | Found a glowing golden altar of the Shining One.
  8745 | D:9      | Reached skill level 16 in Axes
  9018 | D:10     | Entered Level 10 of the Dungeon
  9041 | D:10     | Reached XP level 11. HP: 95/95 MP: 14/14
  9273 | D:10     | Noticed a two-headed ogre
  9280 | D:10     | Killed a two-headed ogre
  9453 | D:10     | Noticed a deep elf pyromancer
  9463 | D:10     | Killed a deep elf pyromancer
  9464 | D:10     | Reached skill level 17 in Axes
  9911 | D:11     | Noticed a brown ugly thing
  9931 | D:11     | Killed a brown ugly thing
  9932 | D:11     | Reached skill level 18 in Axes
 10159 | D:11     | Found Inuenn's Weapon Boutique.
 10189 | D:11     | Reached *** piety under Makhleb
 10204 | D:11     | Reached skill level 19 in Axes
 10899 | D:11     | Noticed a red ugly thing
 10911 | D:11     | Killed a red ugly thing
 10912 | D:11     | Reached skill level 20 in Axes
 10912 | D:11     | Reached XP level 12. HP: 101/103 MP: 13/15
 11123 | D:11     | Found a staircase to the Lair.
 11237 | Orc:1    | Entered Level 1 of the Orcish Mines
 11281 | Orc:1    | Reached **** piety under Makhleb
 11288 | Orc:1    | Reached skill level 5 in Invocations
 11530 | Orc:1    | Found Tyfown's Jewellery Boutique.
 11758 | Orc:1    | Bought the amulet of Hypaame {Reflect rPois Int+4 SH+5} for
                  | 644 gold pieces
 11844 | Orc:2    | Entered Level 2 of the Orcish Mines
 12292 | Orc:2    | Found Suanydgh's Distillery.
 12296 | Orc:2    | Found Yruixux's General Store.
 12307 | Orc:2    | Reached ***** piety under Makhleb
 12434 | Orc:2    | Noticed an orc warlord
 12804 | Lair:1   | Entered Level 1 of the Lair of Beasts
 12999 | Lair:1   | Found the +4 skin of Zhor {*Englaciate rC+++ SInv}
 13260 | Lair:1   | Found a runed translucent gate.
 13262 | Lair:1   | Noticed a 12-headed hydra
 13265 | Lair:1   | Found a runed translucent gate.
 13341 | Lair:1   | Noticed LoggersVIII's ghost (journeyman OpEE)
 13482 | Lair:1   | Found a runed translucent gate.
 13507 | Lair:1   | Reached skill level 10 in Fighting
 13933 | Lair:2   | Noticed Urug
 13946 | Lair:2   | Killed Urug
 14179 | Lair:2   | Reached XP level 13. HP: 114/114 MP: 18/18
 14574 | Lair:2   | Found a hole to the Spider Nest.
 15094 | Lair:3   | Noticed Gastronok
 15109 | Lair:3   | Killed Gastronok
 15476 | Lair:3   | Noticed Josephine
 15489 | Lair:3   | Killed Josephine
 15851 | Lair:3   | Found a staircase to the Shoals.
 16061 | Lair:4   | Reached skill level 10 in Invocations
 16234 | Lair:4   | Found a staircase to the Slime Pits.
 16236 | Lair:4   | Found a viscous altar of Jiyva.
 16430 | Lair:4   | Reached ****** piety under Makhleb
 16793 | Lair:4   | Identified the +2 ring mail "Effyutei" {rElec Dex+2}
 16818 | Lair:4   | Reached XP level 14. HP: 120/126 MP: 21/21
 17002 | Lair:4   | Reached skill level 10 in Armour
 17164 | Lair:5   | Entered Level 5 of the Lair of Beasts
 17354 | Lair:5   | Identified the blade talisman of Daisuv {Str+3}
 17901 | Lair:5   | Noticed a dire elephant
 17901 | Lair:5   | Noticed a dire elephant
 17908 | Lair:5   | Noticed a dire elephant
 17922 | Lair:5   | Killed a dire elephant
 18212 | Lair:5   | Identified the scarf "Neecs" {+Inv, Int+3}
 18705 | Lair:5   | Killed a dire elephant
 18926 | Lair:5   | Killed a dire elephant
 19066 | Lair:5   | Got the Tome of Convocation and Arcane Combat
 19473 | Spider:1 | Entered Level 1 of the Spider Nest
 19486 | Spider:1 | Noticed Rupert
 19493 | Spider:1 | HP: 4/124 [pharaoh ant (3)]
 19494 | Spider:1 | Slain by Rupert

Illustrated notes

Levels and vault maps discovered:
D:1:      minmay_arrival_doors, layout_basic, kennysheep_nondescript
D:2:      layout_rooms
D:3:      minmay_spotlight, layout_basic, ebering_ecumenical_altar_sacrificial,
          uniq_terence
D:4:      layout_loops_ring
D:5:      layout_basic, gup_sewer_entry_pipe, chequers_serial_rivers_small_3,
          nicolae_figureground_pulse, uniq_pikel
D:6:      layout_cave_pools, mainiacjoe_overflow_big_doors, temple_pool_b,
          serial_column_ruins, column_ruins_pillar_1, column_ruins_pillar_6,
          column_ruins_pillar_4, column_ruins_pillar_5, column_ruins_pillar_8,
          column_ruins_pillar_6, column_ruins_pillar_9, column_ruins_pillar_11,
          column_ruins_pillar_3, column_ruins_pillar_12, column_ruins_pillar_3,
          column_ruins_pillar_2, column_ruins_pillar_1, column_ruins_pillar_8,
          column_ruins_pillar_6, column_ruins_pillar_1, column_ruins_pillar_1,
          column_ruins_pillar_1, column_ruins_pillar_6, column_ruins_pillar_1,
          amethyst_killhole
D:7:      layout_basic, kennysheep_little_box, hangedman_decor_lopped
D:8:      layout_basic, nicolae_nh_ransacked_shop
D:9:      layout_basic, grunt_temple_overflow_open,
          nicolae_overflow_crystal_walls, orc_0_dummy
D:10:     layout_gridville
D:11:     layout_loops_ring, grunt_lair_entry_orc_guard_hut, serial_shops, shop,
          special_room [special_room_bee]
Temple:   nicolae_temple_bog_church
Lair:1:   layout_roguey, gammafunk_ghost_hydra_chop,
          hellmonk_guarded_unrand_zhor, lemuel_fruit_tree, serial_bayou_shore_b
Lair:2:   layout_loops_ring, nicolae_spider_entry_tight_spaces,
          grunt_megastairs_1, uniq_urug
Lair:3:   layout_chaotic_city, minmay_shoals_entry_hut, uniq_gastronok,
          uniq_josephine
Lair:4:   layout_long_grid, slime_entry_1, serial_bayou_pond_b,
          nicolae_lair_lindhole
Lair:5:   due_jungle_book, layout_regular_city, serial_bayou_shore_b
Spider:1: spiders_nest_a, uniq_rupert
Orc:1:    layout_caves, serial_shops, shop
Orc:2:    pf_orc_diabolical, layout_diamond_mine

Skill      XL: |  1  2  3  4  5  6  7  8  9 10 11 12 13 14 |
---------------+-------------------------------------------+-----
Axes           | 5 6 7 8 9 11 13 16 20 | 20.0
Armour         | 1 2 3 4 5 7 9 11 | 11.1
Fighting       | 3 4 5 6 8 10 12 13 | 13.4
Dodging        | 3 4 5 6 8 9 |  9.1
Invocations    | 3 4 7 10 12 | 12.2
Throwing       | |  1.7

Action                     |  1- 3 |  4- 6 |  7- 9 | 10-12 | 13-15 || total
---------------------------+-------+-------+-------+-------+-------++-------
  Melee: War axe           |   114 |   140 |   339 |    36 |       ||   629
         Punch             |       |     4 |     3 |     1 |       ||     8
         Battleaxe         |       |       |       |   675 |   580 ||  1255
         Dire flail        |       |       |       |       |     7 ||     7
  Throw: Throwing net      |       |     4 |       |     1 |       ||     5
 Invoke: Lesser Servant of |       |       |       |       |     1 ||     1
  Evoke: Wand              |       |       |       |     4 |     6 ||    10
    Use: Potion            |       |     1 |     1 |     4 |     4 ||    10
         Scroll            |       |     8 |       |    17 |    10 ||    35
   Stab: Distracted        |       |       |       |       |     1 ||     1
 Armour: Leather armour    |    39 |       |       |       |       ||    39
         Scale mail        |    36 |   119 |   188 |       |       ||   343
         Ring mail         |     2 |       |       |       |       ||     2
         Chain mail        |       |       |    71 |   328 |       ||   399
         Plate armour      |       |       |       |    78 |   416 ||   494
  Dodge: Dodged            |    98 |    81 |   206 |   420 |   309 ||  1114
  Block: Other             |       |       |       |    36 |    94 ||   130
         Reflection        |       |       |       |     1 |       ||     1
